 Dungeon Crawl Stone Soup version 0.31.0-9-g3a7656b989 (webtiles) character file.

Game seed: 15190613509423944694

67 qw the Shooter (level 4, 0/25 HPs)
             Began as a Deep Elf Hunter on Feb 2, 2024.
             Succumbed to an adder's poison
             ... on level 2 of the Dungeon.
             The game lasted 00:00:03 (1190 turns).

qw the Shooter (Deep Elf Hunter)                    Turns: 1190, Time: 00:00:03

Health: 0/25       AC:  3    Str: 10    XL:     4   Next: 0%
Magic:  6/6        EV: 12    Int: 14    God:
Gold:   133        SH:  0    Dex: 18    Spells: 3/3 levels left

rFire   . . .        a - +0 shortbow
rCold   . . .        (shield currently unavailable)
rNeg    . . .        c - +0 leather armour
rPois   .            (no helmet)
rElec   .            (no cloak)
rCorr   .            (no gloves)
SInv    .            (no boots)
Will    .....        (no amulet)
Stlth   ++           (no ring)
HPRegen 0.24/turn    (no ring)
MPRegen 0.10/turn

%: no passive effects
@: lethally poisoned (0 -> -7)
A: no striking features
a: no special abilities


You were on level 2 of the Dungeon.
You visited 1 branch of the dungeon, and saw 2 of its levels.

You collected 133 gold pieces.


   Skills:
 - Level 1.5 Fighting
 + Level 7.4 Ranged Weapons
 - Level 2.4 Dodging
 - Level 1.2 Stealth


You had 3 spell levels left.
You didn't know any spells.
Your spell library was empty.

Inventory:

Hand Weapons
 a - a +0 shortbow (weapon)
Armour
 c - a +0 leather armour (worn)
Scrolls
 g - a scroll of revelation {unknown}
 h - a scroll of teleportation {unknown}
 i - a scroll of noise {unknown}
Potions
 b - a potion of cancellation {unknown}
 d - a potion of heal wounds {unknown}
 e - 2 potions of curing {unknown}
 f - a potion of lignification {unknown}

Dungeon Overview and Level Annotations

Branches:
Dungeon (2/15)

Altars:

Shops:
D:1 :


Message History

The adder bites you.
You are poisoned.
The adder poisons you!
You shoot an arrow. The arrow closely misses the adder.
You feel sick. The adder barely misses you.
You shoot an arrow. The arrow hits the adder.
The adder is severely wounded.
You feel sick. The adder bites you but does no damage.
The adder barely misses you.
You shoot an arrow.
The arrow hits the adder but does no damage.
The adder is severely wounded.
You feel sick.
You are no longer poisoned.
The adder closely misses you. The adder bites you.
You shoot an arrow. The arrow misses the adder.
The adder bites you but does no damage. The adder barely misses you.
The adder bites you but does no damage. The adder closely misses you.
You shoot an arrow. The arrow misses the adder.
The adder closely misses you. x2
You shoot an arrow. The arrow misses the adder.
The adder bites you but does no damage. The adder bites you.
You are poisoned.
The adder poisons you! The adder bites you.
You shoot an arrow. The arrow barely misses the adder.
You feel sick. The adder closely misses you. The adder bites you.
The adder closely misses you.
You shoot an arrow. The arrow hits the adder.
The adder is almost dead.
You feel sick. The adder misses you. The adder closely misses you.
You shoot an arrow. The arrow hits the adder.
You kill the adder!
You feel sick. The adder bites you. The adder bites you but does no damage.
You have reached level 4!
You feel clever.
You shoot an arrow. The arrow misses the adder.
You feel sick. The adder bites you.
You are lethally poisoned!
The adder poisons you!
You shoot an arrow. The arrow misses the adder.
You die...

...#.# ##.#
.#.#.# #.#
.....# #.# #
...### #.# .#
.###
####.######..#
.#
#............. .
.#
#.##.#...###....
## #
#.#...##.....
#.#..@%...#
#....S.##.#
###...## #...#
#.... ......
.....## $####.#


You could see an adder.

Vanquished Creatures
  2 adders (D:2)
  4 dart slugs
  7 endoplasms
  2 giant cockroaches
  A goblin (D:1)
  A hobgoblin (D:1)
  4 jackals (D:1)
  A kobold (D:1)
  A quokka (D:2)
  5 ball pythons
  3 bats
  2 frilled lizards (D:1)
  7 rats
40 creatures vanquished.

Notes
Turn   | Place    | Note
-------+----------+-------------------------------------------
     0 | D:1      | qw the Deep Elf Hunter began the quest for the Orb.
     0 | D:1      | Reached XP level 1. HP: 12/12 MP: 3/3
     0 | D:1      | 0 ||| qw: Version: 0.3-a-155-g5e7d8dd
     0 | D:1      | 0 ||| qw: Game counter: 370
     0 | D:1      | 0 ||| qw: Melee chars always use a shield: true
     0 | D:1      | 0 ||| qw: God list: Okawaru
     0 | D:1      | 0 ||| qw: Allow faded altars: false
     0 | D:1      | 0 ||| qw: Do Orc after clearing Dungeon:15 true
     0 | D:1      | 0 ||| qw: Do second Lair branch before Depths: true
     0 | D:1      | 0 ||| qw: Lair rune preference: random
     0 | D:1      | 0 ||| qw: Goals: Normal
     0 | D:1      | 0 ||| PLANNING D:1-11
   123 | D:1      | Reached XP level 2. HP: 16/16 MP: 4/4
   126 | D:1      | Reached skill level 6 in Ranged Weapons
   188 | D:1      | Found Zovvunet's Book Emporium.
   469 | D:1      | Reached XP level 3. HP: 20/20 MP: 5/5
   793 | D:1      | 793 ||| DROPPING scroll of butterflies.
   904 | D:2      | Reached skill level 7 in Ranged Weapons
  1082 | D:2      | 1082 ||| FLEEEEING.
  1083 | D:2      | 1083 ||| FLEEEEING.
  1187 | D:2      | HP: 5/20 [poisoned by an adder]
  1189 | D:2      | Reached XP level 4. HP: 5/25 MP: 6/6
  1189 | D:2      | HP: 2/25 [adder (2)]
  1190 | D:2      | Succumbed to an adder's poison

Levels and vault maps discovered:
D:1:      ncdulo_lavacross, layout_loops_corners, serial_shops,
          nicolae_shop_rolling_square
D:2:      layout_loops_corners, dilly_ecumenical_altar_fadedgnrine,
          minmay_misc_feat_cross

Skill      XL: |  1  2  3 |
---------------+----------+-----
Ranged Weapons | 6 7 |  7.4
Fighting       | |  1.5
Dodging        | |  2.4
Stealth        | |  1.2

Action                     |  1- 3 |  4- 6 || total
---------------------------+-------+-------++-------
   Fire: Shortbow          |   105 |     2 ||   107
 Armour: Leather armour    |    37 |     1 ||    38
  Dodge: Dodged            |    45 |       ||    45

Table legend:
 A = Non-vault XP
 B = Vault XP
 C = Vault XP percentage of total XP
 D = Non-vault monster count
 E = Vault monster count
 F = Vault count percentage of total count
                 A         B        C        D         E       F
            +---------+---------+-------+---------+---------+-------
      Total |      97 |       0 |   0.0 |      40 |       0 |   0.0
            +---------+---------+-------+---------+---------+-------
        D:1 |      52 |       0 |   0.0 |      28 |       0 |   0.0
        D:2 |      45 |       0 |   0.0 |      12 |       0 |   0.0
            +---------+---------+-------+---------+---------+-------
